 Dungeon Crawl Stone Soup version 0.19-a0-1008-g4c63d25 (webtiles) character file.

665 Implojin the Grappler (level 7, 0/57 HPs)
             Began as a Minotaur Fighter on July 22, 2016.
             Was an Initiate of Hepliaklqana.
             Slain by an orc warrior
             ... wielding a cursed +0 long sword
              (13 damage)
             ... on level 8 of the Dungeon.
             The game lasted 00:06:26 (787 turns).

Implojin the Grappler (Minotaur Fighter)             Turns: 787, Time: 00:06:27

Health: 0/57       AC:  8    Str: 21    XL:     7   Next: 31%
Magic:  6/6        EV:  8    Int:  5    God:    Hepliaklqana [......]
Gold:   13         SH:  9    Dex: 11    Spells: 0 memorised, 6 levels left

rFire  + . .     SeeInvis .       - Unarmed
rCold  . . .     Gourm    .     j - +2 ring mail "Hyrir" {rElec rF+ Regen+}
rNeg   . . .     Faith    .     b - +0 shield
rPois  .         Spirit   .     (helmet restricted)
rElec  +         Dismiss  .     (no cloak)
rCorr  .         Reflect  .     e - +0 pair of gloves
SustAt .         Harm     .     (no boots)
MR     +....                    (no amulet)
Stlth  +.........               g - ring of protection from magic
                                (no ring)

@: flying, drained, somewhat resistant to hostile enchantments, very unstealthy
A: retaliatory headbutt, horns 2
a: Recall Ancestor, Ancestor Identity, Renounce Religion


You were on level 8 of the Dungeon.
You worshipped Hepliaklqana.
Hepliaklqana was noncommittal.
You were not hungry.

You visited 2 branches of the dungeon, and saw 10 of its levels.

You collected 13 gold pieces.

Inventory:

Armour
 a - a +0 scale mail
 b - a +0 shield (worn)
 e - a +0 pair of gloves (worn)
 j - the +2 ring mail "Hyrir" (worn) {rElec rF+ Regen+}
   (You found it on level 5 of the Dungeon)

   It protects you from fire.
   It insulates you from electricity.
   It increases your rate of regeneration.
Jewellery
 f - an uncursed ring of ice
 g - a ring of protection from magic (right hand)
Scrolls
 i - a scroll of teleportation {unknown}
 k - a scroll of fear {unknown}
 o - a scroll of noise {unknown}
 q - a scroll of fog {unknown}
Comestibles
 d - 2 bread rations
 p - a meat ration


   Skills:
 - Level 3.6(3.1) Fighting
 - Level 3.6(3.1) Armour
 - Level 3.6(3.1) Shields
 * Level 9.1(8.5) Unarmed Combat


You had 6 spell levels left.
You didn't know any spells.

Dungeon Overview and Level Annotations

Branches:
Dungeon (9/15)             Temple (1/1) D:5
   Lair: D:8-11         Orc: D:9-12

Altars:
Dithmenos
Fedhas
Hepliaklqana
Makhleb
Pakellas
Ru
Trog
Vehumet
Xom
Yredelemnul
Zin
The Shining One

Shops:
D:5 !


Innate Abilities, Weirdness & Mutations

You reflexively headbutt those who attack you in melee.
You have a pair of horns on your head.


Message History

You punch the warg!
The warg is almost dead.
The warg barely misses you.
You closely miss the warg.
The warg is almost dead.
You block the warg's attack.
A warg comes into view.
You miss the warg. You headbutt the warg.
You kill the warg!
Your Unarmed Combat skill increases to level 9!
Found a scroll labeled PUONLA BIAWAFU.
A worker ant comes into view.
The worker ant twitches its antennae in your direction.
Found 17 stones.
Found 17 gold pieces.
You see here 17 gold pieces.
The warg pauses to sniff the ground.
There is a stone staircase leading down here.
You fly downwards.
You hear a splash. 4 killer bees and 4 wights come into view.
A wight is wielding a battleaxe of freezing.
A wight is wielding a short sword of draining.
A wight is wielding a battleaxe of freezing.
The killer bee buzzes angrily. x4
Found a coppery potion.
There is a stone staircase leading up here.
Unknown command.
The wight hits you with a short sword of draining.
* * * LOW HITPOINT WARNING * * *
You feel drained.
* * * LOW HITPOINT WARNING * * *
You feel drained.
You fly upwards.
The warg bites you.
* * * LOW HITPOINT WARNING * * *
You block the orc warrior's attack. You block the warg's attack.
There is a stone staircase leading down here.
As you read the scroll labeled SIXUKH PIRASCH, it crumbles to dust.
It is a scroll of enchant weapon.
You aren't carrying any weapons that can be enchanted.
The orc warrior hits you with a long sword!
You die...

#.######o#.#....$##.
#.#####..oh.a.#...h...)...
......(.######.#.##...####
####....ah...###.###.#####
#..######h# #..........
#.. #.# #.###.##### #. #.#
#.# #h# #..######.###.#
#.# #....o@hza.##.###.##
...#######..##[.....#
#.$........# #.########.#
#.# # ##.# #..# #o## #.#


You could see a warg, an orc warrior, a worker ant and a wight.

Vanquished Creatures
  Edmund (D:5)
  A warg (D:8)
  An ice beast (D:6)
  A phantom (D:4)
  A giant frog (D:7)
  A scorpion (D:4)
  A worker ant (D:6)
  3 adders
  2 giant geckos
  An orc (D:7)
  A hobgoblin (D:3)
  2 jackals (D:7)
  A quokka skeleton (D:5)
  A rat (D:2)
18 creatures vanquished.

Vanquished Creatures (collateral kills)
  An orc priest (D:7)
  An orc wizard (D:7)
  A worker ant (D:8)
  An orc (D:7)
4 creatures vanquished.

Vanquished Creatures (others)
  An ancestor (D:8)
1 creature vanquished.

Grand Total: 23 creatures vanquished

Notes
Turn   | Place    | Note
-------+----------+-------------------------------------------
     0 | D:1      | Implojin the Minotaur Fighter began the quest for the Orb.
     0 | D:1      | Reached XP level 1. HP: 19/19 MP: 0/0
   201 | D:3      | Found an oddly glowing altar of Pakellas.
   243 | D:4      | Noticed a scorpion
   243 | D:4      | Noticed a phantom
   246 | D:4      | Killed a scorpion
   246 | D:4      | Reached skill level 4 in Unarmed Combat
   246 | D:4      | Reached XP level 2. HP: 24/26 MP: 1/1
   246 | D:4      | Reached XP level 3. HP: 28/31 MP: 2/2
   248 | D:4      | Noticed an angel
   255 | D:4      | Killed a phantom
   255 | D:4      | Reached skill level 5 in Unarmed Combat
   255 | D:4      | Reached XP level 4. HP: 27/39 MP: 3/3
   255 | D:4      | Reached XP level 5. HP: 31/45 MP: 4/4
   256 | D:4      | Found a shimmering altar of Xom.
   256 | D:4      | Found a glowing silver altar of Zin.
   301 | D:4      | Found a burning altar of Makhleb.
   318 | D:5      | Entered Level 5 of the Dungeon
   324 | D:5      | Got an encrusted ring mail
   335 | D:5      | Identified the +2 ring mail "Hyrir" {rElec rF+ Regen+} (You found it on level 5 of the Dungeon)
   344 | D:5      | Found Heseuq's Distillery.
   363 | D:5      | Found a staircase to the Ecumenical Temple.
   372 | Temple   | Entered the Ecumenical Temple
   390 | Temple   | Became a worshipper of Hepliaklqana
   404 | D:5      | Noticed Edmund
   419 | D:5      | Killed Edmund
   419 | D:5      | Reached skill level 7 in Unarmed Combat
   419 | D:5      | Reached XP level 6. HP: 27/51 MP: 3/5
   490 | D:6      | Noticed an ice beast
   500 | D:6      | Killed an ice beast
   605 | D:7      | Reached skill level 8 in Unarmed Combat
   653 | D:7      | Reached XP level 7. HP: 42/57 MP: 6/6
   753 | D:8      | HP: 1/57 [warg (2)]
   759 | D:8      | Reached skill level 9 in Unarmed Combat
   787 | D:8      | Slain by an orc warrior

Vault maps used:
D:1:      dpeg_arrival_chambers_temple_mockup, kennysheep_decorative_pillar,
          st_stairs_4, minmay_vboxes
D:2:      grunt_decor_fettered, hangedman_decor_riveting, minmay_liquid_box,
          grunt_ashenzari_visionary, uniq_robin
D:3:      elyvilon_altar_1, grunt_pakellas_salt
D:4:      wad_lake_hut, grunt_temple_overflow_order_and_chaos_1,
          makhleb_grotto_becter, gup_sewer_entry_glass, first_bread,
          minivault_23, uniq_eustachio
D:5:      serial_shops, nicolae_shop_temple_entry_statues_fountains,
          kennysheep_mini_moat, nicolae_shop_crystal, shop_fountains,
          uniq_blork_the_orc, uniq_edmund, uniq_menkaure
D:7:      lemuel_insect_pit, overflow_temple_1_default, lemuel_crystal_altar,
          uniq_prince_ribbit1
D:8:      grunt_gozag_statues, erik_lair_orcish_takeover
D:9:      minmay_bloctagon, kennysheep_little_box, grunt_temple_overflow_open,
          hangedman_fish_farm, grunt_ministairs_14,
          nrook_guardian_serpent_ordinary, uniq_erolcha
Temple:   jpeg_temple_island

Skill      XL: |  1  2  3  4  5  6  7 |
---------------+----------------------+-----
Unarmed Combat | 4 5 7 8 9 |  9.1
Fighting       | |  3.6
Armour         | |  3.6
Shields        | |  3.6

Action                   |  1- 3 |  4- 6 |  7- 9 || total
-------------------------+-------+-------+-------++-------
Melee: Unarmed           |    22 |    43 |    17 ||    82
       Headbutt          |     5 |     8 |     1 ||    14
Invok: Recall Ancestor   |       |     2 |       ||     2
  Use: Potion            |     1 |       |     3 ||     4
       Scroll            |       |       |     1 ||     1
 Stab: Distracted        |       |     3 |       ||     3
Armor: Scale mail        |     8 |       |       ||     8
       Ring mail         |       |    11 |     6 ||    17
Dodge: Dodged            |     4 |    12 |     2 ||    18
Block: Shield            |     8 |    10 |    11 ||    29

Table legend:
 A = Turns spent in this place as a percentage of turns spent in the entire game.
 B = Non-inter-level travel turns spent in this place as a percentage of non-inter-level travel turns spent in the entire game.
 C = Inter-level travel turns spent in this place as a percentage of turns spent in this place.
 D = Turns resting spent in this place as a percentage of non-inter-level travel turns spent in this place.
 E = Turns spent auto-exploring this place as a percentage of non-inter-level travel turns spent in this place.
 F = Non-inter-level travel turns spent in this place divided by the number of levels of this place that you've seen.
                   A       B       C       D       E      F
               +-------+-------+-------+-------+-------+----------------------
         Total | 100.0 | 100.0 |   0.0 |   0.0 |   0.0 |  79.3
       Dungeon |  96.0 |  96.0 |   0.0 |   0.0 |   0.0 |  84.6
        Temple |   4.0 |   4.0 |   0.0 |   0.0 |   0.0 |  32.0
               +-------+-------+-------+-------+-------+----------------------

Table legend:
 A = Kills in this place as a percentage of kills in entire the game.
 B = Kills by you in this place as a percentage of kills by you in the entire game.
 C = Kills by friends in this place as a percentage of kills by friends in the entire game.
 D = Other kills in this place as a percentage of other kills in the entire game.
 E = Experience gained in this place as a percentage of experience gained in the entire game.
 F = Experience gained in this place divided by the number of levels of this place that you have seen.
                   A       B       C       D       E      F
               +-------+-------+-------+-------+-------+----------------------
         Total | 100.0 | 100.0 | 100.0 |  -nan | 100.0 |  95.0
       Dungeon | 100.0 | 100.0 | 100.0 |  -nan | 100.0 | 105.6
               +-------+-------+-------+-------+-------+----------------------
